Unix NetHack Version 5.0.0-0 post-release - last build May 22 2026 02:22:16 (99d1c3b6dc4b13757aaa5824b55bdea4e1e63757,branch:main).

Game began 2026-05-22 23:58:03, ended 2026-05-23 00:10:11.

Jobair, neutral female human Tourist

  #@########
           #
           #
           #
           #
           #
           #
           #
           #
           #
           #
           ###
           #
           #
 -----     #
 |.<..     #
 |.%.|   ###+
 |....######
 -----

Jobair the Sightseer        St:11 Dx:11 Co:15 In:15 Wi:8 Ch:15  Neutral
Dlvl:4  $:48 HP:26(26) Pw:13(13) AC:4  Xp:3 T:1514  Weak    

Latest messages:
 Where do you want to travel to?
 (For instructions type a '?')
 In what direction? 1
 You kill the red mold!
 You see here a +2 dart.
 a - a +2 dart (at the ready) (30 in total).
 Where do you want to travel to?
 (For instructions type a '?')
 In what direction? 1
 You kill the giant rat!
 z - a crude bow.
 a - a +2 dart (at the ready) (30 in total).
 You descend the stairs.
 Godzilla bites the yellow mold.
 Godzilla bites the yellow mold.
 The yellow mold is killed!
 A - 10 arrows.
 You swap places with Godzilla.
 You start digging.
 You hit the rock with all your might.
 You succeed in cutting away some rock.
 You start digging.
 You hit the rock with all your might.
 You succeed in cutting away some rock.
 You are beginning to feel hungry.
 You stop digging.
 You continue digging.
 You succeed in cutting away some rock.
 This wall is too hard to dig into.
 You continue digging.
 This wall is too hard to dig into.
 You continue digging.
 This wall is too hard to dig into.
 You continue digging.
 This wall is too hard to dig into.
 You start digging.
 You hit the rock with all your might.
 You succeed in cutting away some rock.
 You swap places with Godzilla.
 You are beginning to feel weak.
 You stop digging.
 You continue digging.
 You hit the rock with all your might.
 You succeed in cutting away some rock.
 Really quit without saving? [yn] (n) y
 Do you want your possessions identified? [ynq] (y) y
 Do you want to see your attributes? [ynq] (y) y
 Do you want an account of creatures vanquished? [ynaq] (y) y
 Do you want to see your conduct and achievements? [ynq] (y) y
 Do you want to see the dungeon overview? [ynq] (y) y

Inventory:
 Coins    ('$')
  $ - 48 gold pieces
 Weapons  (')')
  A - 10 +0 arrows
  z - a +0 orcish bow
  a - 30 +2 darts (at the ready)
  s - 9 +0 darts
 Armor    ('[')
  w - an uncursed +2 pair of high boots (being worn)
  p - a cursed -1 pair of levitation boots
  v - a blessed +0 dwarvish cloak (being worn)
  i - a blessed +0 Hawaiian shirt with a hula dancer motif
  x - an uncursed +0 leather armor (being worn)
 Comestibles  ('%')
  d - an uncursed goober
  t - a cursed apple
  c - 6 uncursed food rations
  e - an uncursed fortune cookie
  b - 4 uncursed tripe rations
 Scrolls  ('?')
  m - an uncursed scroll of blank paper
  q - an uncursed scroll of light
  h - 4 uncursed scrolls of magic mapping
 Potions  ('!')
  f - a blessed potion of extra healing
  g - an uncursed potion of extra healing
  u - 2 uncursed potions of healing
 Wands    ('/')
  n - a wand of digging (0:7)
 Tools    ('(')
  k - an uncursed credit card
  j - an expensive camera (0:88)
  y - a +0 pick-axe (weapon in right hand)
  r - a cursed stethoscope
 Gems/Stones  ('*')
  o - an uncursed luckstone

Jobair the Tourist's attributes:

Background:
 You were a Sightseer, a level 3 female human Tourist.
 You were neutral, nominally on a mission for The Lady
 who was opposed by Blind Io (lawful) and Offler (chaotic).
 You were right-handed.
 You were in the Dungeons of Doom, on level 4.
 You entered the dungeon 1514 turns ago.
 It was the midnight hour.
 You had 68 experience points, 12 more were needed to attain level 4.

Basics:
 You had all 26 hit points.
 You had all 13 energy points (spell power).
 Your armor class was 4.
 Your wallet contained 48 zorkmids.
 Autopickup was off.

Final Characteristics:
 Your strength was 11 (base:12, limit:18/100).
 Your dexterity was 11 (limit:18).
 Your constitution was 15 (limit:18).
 Your intelligence was 15 (limit:18).
 Your wisdom was 8 (limit:18).
 Your charisma was 15 (limit:18).

Final Status:
 You were weak from severe hunger.
 You were unencumbered.
 You were wielding a pick-axe.
 You were unskilled in pick-axe.

Final Attributes:
 You were devoutly aligned.
 Your items were somewhat protected from fire.
 Your items were somewhat protected from cold.
 You were warded.
 You were lucky.
 You had extra luck.
 Bad luck did not time out for you.
 Good luck did not time out for you.
 You survived.

Miscellaneous:
 You didn't encounter any bones levels.
 Total elapsed playing time was 12 minutes and 8 seconds.

Major events:
 Turn
    1: Jobair the neutral female human Tourist entered the dungeon
  896: attained the rank of Sightseer (level 3)
 1514: quit

You didn't know any spells.

Skills:
 Fighting Skills
   bare handed combat [Unskilled]
   two weapon combat  [Unskilled]
   riding             [Unskilled]
 Weapon Skills
   dagger             [Unskilled]
   knife              [Unskilled]
   axe                [Unskilled]
   pick-axe           [Unskilled]
   short sword        [Unskilled]
   broadsword         [Unskilled]
   long sword         [Unskilled]
   two-handed sword   [Unskilled]
   saber              [Unskilled]
   mace               [Unskilled]
   morning star       [Unskilled]
   flail              [Unskilled]
   hammer             [Unskilled]
   quarterstaff       [Unskilled]
   polearms           [Unskilled]
   spear              [Unskilled]
   trident            [Unskilled]
   lance              [Unskilled]
   bow                [Unskilled]
   sling              [Unskilled]
   crossbow           [Unskilled]
   dart               [Basic]
   shuriken           [Unskilled]
   boomerang          [Unskilled]
   whip               [Unskilled]
   unicorn horn       [Unskilled]
 Spellcasting Skills
   divination spells  [Unskilled]
   enchantment spells [Unskilled]
   escape spells      [Unskilled]

Voluntary challenges:
 Character rerolling was not enabled.
 You were an atheist.
 You never genocided any monsters.
 You never polymorphed an object.
 You never changed form.
 You used no wishes.
Achievements:
 You entered a shop.
 You attained the rank of Sightseer.

 The Dungeons of Doom: levels 1 to 4
    Level 1:
       A fountain.
    Level 2:
       An armor shop.
    Level 3:
    Level 4: <- You were here.


Vanquished creatures:
  a dwarf zombie
  a gas spore
  a giant rat
  a yellow mold
  a red mold
  a gecko
  2 jackals
  a fox
  4 kobolds
  2 goblins
  a grid bug
  3 lichens
  2 kobold zombies
  4 newts
25 creatures vanquished.

No species were genocided or became extinct.

Aloha Jobair the Tourist...

You quit in The Dungeons of Doom on dungeon level 4 with 454 points,
and 48 pieces of gold, after 1514 moves.
You were level 3 with a maximum of 26 hit points when you quit.

